 Dungeon Crawl Stone Soup version 0.19.0-1-g5985abe (webtiles) character file.

210 lorenzova the Conjurer (level 5, -1/28 HPs)
             Began as a Deep Elf Conjurer on Nov 2, 2016.
             Slain by a slave (5 damage)
             ... led by Pikel
             ... on level 4 of the Dungeon.
             The game lasted 00:06:15 (3604 turns).

lorenzova the Conjurer (Deep Elf Conjurer)          Turns: 3604, Time: 00:06:15

Health: -1/28      AC:  7    Str:  5    XL:     5   Next: 56%
Magic:  0/15       EV: 12    Int: 21    God:
Gold:   173        SH:  0    Dex: 15    Spells: 2 memorised, 10 levels left

rFire  + . .     SeeInvis .     o - +0 dagger
rCold  + . .     Gourm    .     v - +3 leather armour
rNeg   . . .     Faith    .     (no shield)
rPois  .         Spirit   .     (no helmet)
rElec  .         Reflect  .     (no cloak)
rCorr  .         Harm     .     (no gloves)
MR     .....                    q - +0 pair of boots
Stlth  ++........               (no amulet)
                                t - ring of protection from cold
                                k - ring of protection from fire

@: no status effects
A: no striking features
a: no special abilities


You were on level 4 of the Dungeon.
You were not hungry.

You visited 1 branch of the dungeon, and saw 4 of its levels.

You collected 173 gold pieces.

Inventory:

Hand Weapons
 o - a +0 dagger (weapon)
Armour
 a - a +0 robe
 q - a +0 pair of boots (worn)
 v - a +3 leather armour (worn)
Jewellery
 k - a ring of protection from fire (left hand)
 p - an uncursed ring of protection from fire
 t - a ring of protection from cold (right hand)
Scrolls
 d - 4 scrolls of identify {unknown}
 e - 5 scrolls of remove curse {unknown}
 g - 3 scrolls of teleportation {unknown}
 h - a scroll of immolation {unknown}
 i - 2 scrolls of fear {unknown}
 l - 2 scrolls of recharging {unknown}
Potions
 f - 2 potions of lignification {unknown}
 m - a potion of might {unknown}
 n - 2 potions of cure mutation {unknown}
 r - a potion of invisibility {unknown}
 s - a potion of brilliance {unknown}
 u - a potion of ambrosia {unknown}
Books
 b - a book of Conjurations

   Spells                             Type                      Level
   a - Magic Dart                     Conjuration                  1
   b - Searing Ray                    Conjuration                  2
   c - Dazzling Spray                 Conjuration/Hexes            3
   d - Fulminant Prism                Conjuration/Hexes            4
   e - Iskenderun's Mystic Blast      Conjuration                  4
   f - Iskenderun's Battlesphere      Conjuration/Charms           5
Comestibles
 c - 2 bread rations
 j - a meat ration


   Skills:
 - Level 2.4 Dodging
 - Level 2.4 Stealth
 + Level 5.9 Spellcasting
 + Level 6.2 Conjurations


You had 10 spell levels left.
You knew the following spells:

 Your Spells              Type           Power        Failure   Level  Hunger
a - Magic Dart            Conj           ####         1%          1    None
c - Iskenderun's Mystic   Conj           ####....     14%         4    ####...


Dungeon Overview and Level Annotations

Branches:
Dungeon (4/15)
 Temple: D:4-7

Altars:

Annotations:
D:4 Edmund, Pikel


Message History

The slave hits you!
* * * LOW HITPOINT WARNING * * *
Casting: Magic Dart
Confirm with . or Enter, or press ? or * to list all spells.
Aiming: Magic Dart
Press: ? - help, Shift-Dir - straight line, f/p - slave
Aim: a slave, wearing an animal skin (severely wounded)
The magic dart hits the slave.
The slave is almost dead.
The slave hits you.
* * * LOW HITPOINT WARNING * * *
Casting: Magic Dart
Confirm with . or Enter, or press ? or * to list all spells.
Aiming: Magic Dart
Press: ? - help, Shift-Dir - straight line, f/p - slave
Aim: a slave, wearing an animal skin (almost dead)
The magic dart hits the slave.
The slave is almost dead.
The slave hits you.
You die...

###############
#<............#
#.............#
##########.))##
########..##..##...##
#...................#
#...............@...#
##..###...######p.###
##..############..##
#..................#
.g.#
#..................#
...#
###..##............#
...
###..##............#
..#
.....##.....##.....#
..# #
.....######'##....##
g.# ..


You could see a slave.

Vanquished Creatures
  2 slaves (D:4)
  An orc wizard (D:3)
  A worker ant (D:4)
  A worker ant zombie (D:3)
  3 adders
  3 gnolls (D:4)
  An adder skeleton (D:4)
  3 worms (D:2)
  A dart slug (D:3)
  4 leopard geckos
  5 orcs (D:3)
  6 bats
  3 giant cockroaches
  4 goblins
  6 hobgoblins
  7 jackals
  6 kobolds
  2 quokkas
  5 frilled lizards
  5 rats
69 creatures vanquished.

Notes
Turn   | Place    | Note
-------+----------+-------------------------------------------
     0 | D:1      | lorenzova the Deep Elf Conjurer began the quest for the Orb.
     0 | D:1      | Reached XP level 1. HP: 10/10 MP: 6/6
   252 | D:1      | Reached XP level 2. HP: 15/15 MP: 4/8
  1132 | D:2      | Reached skill level 5 in Conjurations
  1132 | D:2      | Reached XP level 3. HP: 19/19 MP: 4/10
  1739 | D:3      | Reached XP level 4. HP: 24/24 MP: 9/12
  1832 | D:3      | Learned a level 4 spell: Iskenderun's Mystic Blast
  2047 | D:3      | Reached skill level 5 in Spellcasting
  2415 | D:3      | Reached XP level 5. HP: 28/28 MP: 12/14
  2553 | D:4      | Noticed a slave
  2575 | D:4      | Killed a slave
  2738 | D:4      | Reached skill level 6 in Conjurations
  2743 | D:4      | Noticed Pikel
  2771 | D:4      | Noticed a slave
  2771 | D:4      | Noticed a slave
  2973 | D:4      | Noticed Edmund
  3532 | D:4      | Noticed a slave
  3541 | D:4      | Killed a slave
  3604 | D:4      | Slain by a slave

Skill      XL: |  1  2  3  4  5 |
---------------+----------------+-----
Spellcasting   | 4 5 |  5.9
Conjurations   | 5 6 |  6.2
Dodging        | |  2.4
Stealth        | |  2.4

Action                   |  1- 3 |  4- 6 || total
-------------------------+-------+-------++-------
Melee: Dagger            |       |    36 ||    36
 Cast: Magic Dart        |    78 |    95 ||   173
       Iskenderun's Myst |       |    11 ||    11
  Eat: Chunk             |     2 |     2 ||     4
       Fruit             |       |     3 ||     3
       Meat ration       |       |     1 ||     1
Armor: Robe              |       |     4 ||     4
       Leather armour    |       |     9 ||     9
Dodge: Dodged            |     5 |    30 ||    35
